 Dungeon Crawl Stone Soup version 0.24.0-35-gdb84b6a5db (webtiles) character file.

Game seed: 7150981217344812307, levelgen mode: deterministic

30 Emblim88 the Skirmisher (level 3, -7/29 HPs)
             Began as a Demonspawn Abyssal Knight on Nov 20, 2019.
             Was a Follower of Lugonu.
             Splashed by a jelly's acid (10 damage)
             ... on level 2 of the Dungeon.
             The game lasted 00:02:49 (976 turns).

Emblim88 the Skirmisher (Demonspawn Abyssal Knight)  Turns: 976, Time: 00:02:51

Health: -7/29      AC: -3    Str: 17    XL:     3   Next: 5%
Magic:  5/5        EV: 11    Int: 13    God:    Lugonu [*.....]
Gold:   78         SH:  0    Dex: 12    Spells: 2/2 levels left

rFire    . . .     SeeInvis .   a - +1 mace
rCold    . . .     Gourm    .   (no shield)
rNeg     . . .     Faith    .   d - +0 ring mail
rPois    +         Spirit   .   (no helmet)
rElec    .         Reflect  .   (no cloak)
rCorr    .         Harm     .   n - +0 pair of gloves
MR       .....                  (no boots)
Stlth    +.........             (no amulet)
HPRegen  0.09/turn              i - +4 ring of strength
MPRegen  0.09/turn              l - ring of poison resistance

@: corroded
A: yellow scales 1
a: Depart the Abyss, Renounce Religion


You were on level 2 of the Dungeon.
You worshipped Lugonu.
Lugonu was aware of your devotion.
You were not hungry.

You visited 1 branch of the dungeon, and saw 2 of its levels.
You visited the Abyss 1 time.

You collected 78 gold pieces.

Inventory:

Hand Weapons
 a - a +1 mace (weapon)
Armour
 d - a +0 ring mail (worn)
 n - a +0 pair of gloves (worn)
Jewellery
 i - a +4 ring of strength (left hand)
 l - a ring of poison resistance (right hand)
Scrolls
 b - a scroll of fear {unknown}
 e - a scroll of magic mapping {unknown}
 f - a scroll of identify {unknown}
 g - a scroll of remove curse
 j - 4 scrolls of teleportation
 k - a scroll of amnesia {unknown}
Potions
 h - a potion of degeneration {unknown}
 m - a potion of curing
 o - a potion of lignification {unknown}
Comestibles
 c - 5 rations


   Skills:
 + Level 3.4 Fighting
 + Level 2.0 Maces & Flails
 + Level 2.1 Armour
 + Level 1.5 Dodging
 + Level 2.7 Invocations


You had 2 spell levels left.
You didn't know any spells.
Your spell library was empty.

Dungeon Overview and Level Annotations

Branches:
Dungeon (2/15)

Altars:


Innate Abilities, Weirdness & Mutations

You are partially covered in yellow scales. (AC +2)


Message History

You are too injured to fight recklessly!
You are too injured to fight recklessly!
You are too injured to fight recklessly!
You are too injured to fight recklessly!
You are too injured to fight recklessly!
You are too injured to fight recklessly!
You are too injured to fight recklessly!
You are too injured to fight recklessly!
You are too injured to fight recklessly!
You are too injured to fight recklessly!
You hit the jelly but do no damage. The acid corrodes you!
Your hands burn!
* * * LOW HITPOINT WARNING * * *
The jelly barely misses you.
You hit the jelly.
Your hands burn!
* * * LOW HITPOINT WARNING * * *
The jelly is lightly wounded.
The jelly hits you.
* * * LOW HITPOINT WARNING * * *
You are splashed with acid!
You die...

..##.#.##†.. .. ..#
#.#.##.## .%#..#
#.#.##.# # #.#..#
#...##.#
#....>.#######)(##.#
###.#.#.)........<...##
........#####.....)...
#.#.#J# #.#..#..## .
#...@.# #.#..#..#
.....#.### #.#..#..#
.....#.### #.#..#..#
..........######.#..#..#
......###.##...........#
...###.##...........##.#
.. #.......###.#.## ..
#.............# #
#........###.###


You could see a jelly.

Vanquished Creatures
  An ooze (D:1)
  2 giant cockroaches (D:1)
  3 goblins (D:1)
  2 hobgoblins
  7 kobolds
  A ball python (D:2)
  7 bats
  4 rats
27 creatures vanquished.

Vanquished Creatures (others)
  A jackal (D:2)
1 creature vanquished.

Grand Total: 28 creatures vanquished

Notes
Turn   | Place    | Note
-------+----------+-------------------------------------------
     0 | Abyss:1  | Emblim88 the Demonspawn Abyssal Knight began the quest for
                  | the Orb.
     0 | Abyss:1  | Reached XP level 1. HP: 18/18 MP: 2/2
    21 | Abyss:1  | Found a corrupted altar of Lugonu.
    76 | Abyss:1  | Noticed a large abomination
   126 | Abyss:1  | Noticed a freezing wraith
   126 | Abyss:1  | Noticed a thrashing horror
   127 | D:1      | Escaped the Abyss
   471 | D:1      | Gained mutation: You are partially covered in yellow
                  | scales. (AC +2) [demonic ancestry]
   471 | D:1      | Reached XP level 2. HP: 24/24 MP: 4/4
   473 | D:1      | Reached * piety under Lugonu
   540 | D:1      | Reached skill level 1 in Dodging
   945 | D:2      | Reached XP level 3. HP: 27/29 MP: 5/5
   976 | D:2      | Splashed by a jelly's acid

Levels and vault maps discovered:
D:1:      dpeg_arrival_solitude, layout_rooms
D:2:      layout_loops_ring, marbit_many_paths, fiery_altar_vehumet,
          feat_on_display

Skill      XL: |  1  2 |
---------------+-------+-----
Armour         | 2 |  2.1
Maces & Flails | 2 |  2.0
Dodging        | 1 |  1.5
Fighting       | |  3.4
Invocations    | |  2.7

Action                   || total
-------------------------++-------
Melee: Mace              ||    65
Invok: Depart the Abyss  ||     1
  Use: Scroll            ||     2
       Potion            ||     1
Armor: Leather armour    ||    26
       Ring mail         ||     3
Dodge: Dodged            ||    57
